 Dungeon Crawl Stone Soup version 0.29.1 (webtiles) character file.

Game seed: 10300575128177025463

1477 mtoz the Shield-Bearer (level 8, -12/73 HPs)
             Began as a Minotaur Fighter on Sept 13, 2022.
             Mangled by a two-headed ogre
             ... wielding a +0 giant club
              (16 damage)
             ... on level 6 of the Dungeon.
             The game lasted 00:11:24 (4571 turns).

mtoz the Shield-Bearer (Minotaur Fighter)           Turns: 4571, Time: 00:11:24

Health: -12/73     AC: 15    Str: 23    XL:     8   Next: 49%
Magic:  0/7        EV:  8    Int:  5    God:
Gold:   184        SH:  5    Dex: 10    Spells: 7/7 levels left

rFire   . . .      SeeInvis .   a - +0 war axe
rCold   . . .      Faith    .   c - +0 buckler
rNeg    . . .      Spirit   +   i - +0 chain mail
rPois   .          Reflect  .   (helmet restricted)
rElec   .          Harm     .   A - +0 cloak
rCorr   .          Rampage  .   (no gloves)
Will    .....                   (no boots)
Stlth   ..........              x - amulet of guardian spirit
HPRegen 0.22/turn               k - +4 ring of protection
MPRegen 0.10/turn               (no ring)

@: no status effects
A: horns 2, retaliatory headbutt
a: no special abilities


You were on level 6 of the Dungeon.
You visited 1 branch of the dungeon, and saw 6 of its levels.

You collected 184 gold pieces.

Inventory:

Hand Weapons
 a - a +0 war axe (weapon)
 o - a +0 hand axe
 w - a +0 flail
 B - a +0 flail
 C - a +0 morningstar
Armour
 c - a +0 buckler (worn)
 i - a +0 chain mail (worn)
 A - a +0 cloak (worn)
Jewellery
 k - a +4 ring of protection (left hand)
 x - an amulet of guardian spirit (around neck)
Wands
 t - a wand of charming (13)
Scrolls
 e - 3 scrolls of magic mapping {unknown}
 f - 2 scrolls of identify {unknown}
 g - a scroll of poison {unknown}
 l - a scroll of amnesia {unknown}
 m - 3 scrolls of teleportation {unknown}
 r - a scroll of brand weapon {unknown}
 u - a scroll of silence {unknown}
 y - a scroll of immolation {unknown}
Potions
 b - a potion of magic {unknown}
 d - 3 potions of might
 h - 2 potions of curing {unknown}
 j - a potion of haste {unknown}
 n - a potion of flight {unknown}
 p - 2 potions of degeneration {unknown}
 q - 2 potions of attraction {unknown}
 s - 3 potions of mutation {unknown}
 v - a potion of berserk rage {unknown}
 z - 2 potions of brilliance {unknown}
 D - 3 potions of lignification {unknown}
 E - a potion of ambrosia {unknown}


   Skills:
 + Level 7.3 Fighting
 + Level 6.8 Axes
 + Level 7.3 Armour
 + Level 7.3 Shields


You had 7 spell levels left.
You didn't know any spells.
Your spell library contained the following spells:

 Spells                   Type           Power      Damage    Failure   Level
 Apportation              Tloc           0%         N/A       99%         1
 Necrotise                Necr           0%         1d4       99%         1
 Summon Small Mammal      Summ           0%         N/A       99%         1
 Ensorcelled Hibernation  Hex/Ice        0%         N/A       100%        2
 Passwall                 Tmut/Erth      0%         N/A       100%        2
 Static Discharge         Conj/Air       0%         3-3/arc   100%        2
 Ozocubu's Armour         Ice            0%         N/A       100%        3
 Swiftness                Air            0%         N/A       100%        3
 Dispel Undead            Necr           0%         3d6       100%        4
 Sticky Flame             Conj/Fire      0%         2d3       100%        4
 Ozocubu's Refrigeration  Ice            0%         4d7       100%        7


Dungeon Overview and Level Annotations

Branches:
Dungeon (6/15)
 Temple: D:4-7

Altars:
Elyvilon
Qazlal
Zin
The Shining One

Shops:
D:2 *   D:3 !


Innate Abilities, Weirdness & Mutations

You have a pair of horns on your head.
You reflexively headbutt those who attack you in melee.


Message History

You closely miss the white imp. The white imp hits you.
The white imp freezes you.
You closely miss the white imp.
The white imp hits you but does no damage.
The white imp gestures at you. The puff of frost misses you.
Sorry, you're not good enough to have a special ability.
You barely miss the white imp.
The white imp hits you but does no damage.
You slash the white imp!
The white imp is almost dead.
You slash the two-headed ogre! The two-headed ogre barely misses you.
You furiously retaliate!
You headbutt the two-headed ogre.
The two-headed ogre hits you with a +0 giant club!
The white imp gestures at you. The puff of frost hits you.
You slash the two-headed ogre!
Your headbutt misses the two-headed ogre.
The two-headed ogre is heavily wounded.
You closely miss the white imp. The white imp gestures at you.
The puff of frost hits you!
The two-headed ogre hits you with a +0 giant club.
The two-headed ogre barely misses you.
You hit the two-headed ogre but do no damage.
Your headbutt misses the two-headed ogre.
The two-headed ogre is heavily wounded.
You slash the white imp!
You kill the white imp!
You hit the two-headed ogre but do no damage.
The two-headed ogre is heavily wounded.
The two-headed ogre hits you with a +0 giant club!!
* * * LOW HITPOINT WARNING * * *
The two-headed ogre hits you with a +0 giant club!
* * * LOW HITPOINT WARNING * * *
The two-headed ogre attacks as you move away!
The two-headed ogre closely misses you. You furiously retaliate!
You headbutt the two-headed ogre, but do no damage.
The two-headed ogre hits you with a +0 giant club!
You die...

###### .....#
########.PPP.#
..########......'.P...#
.....>.......@O.'.P._.#
####....#.##...'.P...#
#.....#....#...#!PPP.#
#.##..#.#..#...# ....#
. #..#.#..#...# ####
#..#.#.......
...#.#.##.....
####.#.#.########
#..#.#.#.#


You could see a two-headed ogre.

Vanquished Creatures
  Grinder (D:3)
  Sigmund (D:6)
  2 black bears (D:4)
  3 ogres
  2 centaurs
  3 scorpions (D:4)
  A jelly (D:6)
  2 orc priests
  Terence (D:3)
  2 orc wizards
  5 adders
  A white imp (D:6)
  An ufetubus (D:5)
  3 worms
  2 dart slugs
  16 orcs
  7 ball pythons
  8 endoplasms
  3 giant cockroaches
  10 goblins
  8 hobgoblins
  7 kobolds
  A quokka (D:4)
  14 bats
  2 frilled lizards (D:1)
  5 rats
111 creatures vanquished.

Notes
Turn   | Place    | Note
-------+----------+-------------------------------------------
     0 | D:1      | mtoz the Minotaur Fighter began the quest for the Orb.
     0 | D:1      | Reached XP level 1. HP: 19/19 MP: 0/0
    86 | D:1      | Reached XP level 2. HP: 11/27 MP: 1/1
   904 | D:2      | Reached XP level 3. HP: 33/33 MP: 2/2
  1212 | D:2      | Found Nebrecre's Assorted Antiques.
  1583 | D:3      | Reached XP level 4. HP: 40/40 MP: 3/3
  1602 | D:3      | Identified the +2 sling "Sops" {vorpal, Will- rCorr Int+5
                  | Dex-4}
  1612 | D:3      | Found Femuokil's Distillery.
  1752 | D:3      | Noticed Terence
  1761 | D:3      | Killed Terence
  1806 | D:3      | Noticed Grinder
  1806 | D:3      | Paralysed by Grinder for 2 turns
  1820 | D:3      | Paralysed by Grinder for 2 turns
  1828 | D:3      | Killed Grinder
  1829 | D:3      | Reached skill level 5 in Fighting
  1829 | D:3      | Reached skill level 5 in Armour
  1829 | D:3      | Reached skill level 5 in Shields
  1829 | D:3      | Reached XP level 5. HP: 13/48 MP: 4/4
  1829 | D:3      | Reached XP level 6. HP: 15/56 MP: 5/5
  2170 | D:3      | Found a glowing silver altar of Zin.
  2172 | D:3      | Found a white marble altar of Elyvilon.
  2174 | D:3      | Found a glowing golden altar of the Shining One.
  2633 | D:4      | Reached skill level 5 in Axes
  2633 | D:4      | Reached XP level 7. HP: 59/62 MP: 4/6
  3038 | D:4      | Identified the +5 falchion of Entrepreneurial Spirit
                  | {vorpal, MP-9 Dex+5 Stlth+}
  3386 | D:5      | Entered Level 5 of the Dungeon
  3852 | D:4      | Reached XP level 8. HP: 60/71 MP: 4/7
  4424 | D:6      | Noticed Sigmund
  4432 | D:6      | Killed Sigmund
  4561 | D:6      | Found a stormy altar of Qazlal.
  4561 | D:6      | Noticed a two-headed ogre
  4568 | D:6      | HP: 3/73 [two-headed ogre/+0 giant club (11)]
  4571 | D:6      | Mangled by a two-headed ogre

Illustrated notes

Levels and vault maps discovered:
D:1:      lordsloth_arrival_two_stooges, layout_basic
D:2:      layout_loops_cross, serial_shops, nicolae_shop_stone,
          minmay_statues_item
D:3:      layout_rooms, good_gods_temple_1, serial_shops, shop_statue,
          reono_crystal_passage, chequers_serial_rivers_small_3, uniq_terence,
          uniq_grinder
D:4:      layout_loops_ring
D:5:      layout_basic, corexii_shack, minivault_4, st_stairs_9
D:6:      layout_basic, mainiacjoe_overflow_alcove_4,
          minmay_temple_entry_statues_pillars, serial_shops, shop_fountains,
          serial_curves, eino_curves_04, eino_curves_01, eino_curves_01,
          eino_curves_03, serial_park_tiny_1, uniq_duvessa, uniq_sigmund

Skill      XL: |  1  2  3  4  5  6  7  8 |
---------------+-------------------------+-----
Shields        | 4 5 6 7 |  7.3
Armour         | 4 5 6 7 |  7.3
Fighting       | 4 5 6 7 |  7.3
Axes           | 3 4 5 6 |  6.8

Action                   |  1- 3 |  4- 6 |  7- 9 || total
-------------------------+-------+-------+-------++-------
Melee: War axe           |    94 |    66 |   110 ||   270
       Headbutt          |     8 |    13 |    16 ||    37
Armor: Scale mail        |    30 |       |       ||    30
       Chain mail        |    28 |    41 |    90 ||   159
Dodge: Dodged            |    44 |    25 |    48 ||   117
Block: Buckler           |    20 |    15 |    17 ||    52
